 Dungeon Crawl Stone Soup version 0.31-a0-1529-g7bd419a0e5 (webtiles) character file.

Game seed: 6094488085977077227

184 graki42 the Conjurer (level 5, -4/38 HPs)
             Began as a Gnoll Conjurer on Dec 31, 2023.
             Slain by a black bear (11 damage)
             ... on level 4 of the Dungeon.
             The game lasted 00:05:21 (3293 turns).

graki42 the Conjurer (Gnoll Conjurer)               Turns: 3293, Time: 00:05:22

Health: -4/38      AC:  2    Str:  6    XL:     5   Next: 63%
Magic:  12/12      EV: 13    Int: 19    God:
Gold:   158        SH:  0    Dex: 11    Spells: 11/14 levels left

rFire   . . .        n - +0 dagger (venom)
rCold   . . .        (no shield)
rNeg    . . .        a - +0 robe
rPois   .            (no helmet)
rElec   .            (no cloak)
rCorr   .            (no gloves)
SInv    .            (no boots)
Will    .....        (no amulet)
Stlth   ++           (no ring)
HPRegen 0.26/turn    (no ring)
MPRegen 0.13/turn

%: no passive effects
@: no status effects
A: fangs 1, strong nose, distributed training
a: no special abilities


You were on level 4 of the Dungeon.
You visited 1 branch of the dungeon, and saw 4 of its levels.

You collected 158 gold pieces.

Inventory:

Hand Weapons
 c - a +1 short sword of venom
 f - a +2 dagger of speed
 n - a +0 dagger of venom (weapon)
Armour
 a - a +0 robe (worn)
Scrolls
 d - 2 scrolls of vulnerability {unknown}
 e - 5 scrolls of identify {unknown}
 h - 2 scrolls of blinking {unknown}
 k - 2 scrolls of summoning {unknown}
 l - a scroll of poison {unknown}
 m - a scroll of enchant weapon {unknown}
 q - a scroll of teleportation {unknown}
Potions
 b - a potion of magic
 g - a potion of enlightenment {unknown}
 i - 2 potions of degeneration {unknown}
 j - 3 potions of brilliance {unknown}
 o - a potion of lignification {unknown}
 p - 3 potions of curing {unknown}
 r - a potion of mutation {unknown}


   Skills:
 + Level 1.6 Fighting
 + Level 1.6 Short Blades
 + Level 1.6 Long Blades
 + Level 1.6 Axes
 + Level 1.6 Maces & Flails
 + Level 1.6 Polearms
 + Level 1.6 Staves
 + Level 1.6 Ranged Weapons
 + Level 1.6 Throwing
 + Level 1.6 Armour
 + Level 4.8 Dodging
 + Level 4.5 Stealth
 + Level 1.6 Shields
 + Level 1.6 Unarmed Combat
 + Level 5.2 Spellcasting
 + Level 7.2 Conjurations
 + Level 1.3 Hexes
 + Level 1.3 Summonings
 + Level 1.3 Necromancy
 + Level 1.3 Translocations
 + Level 1.3 Fire Magic
 + Level 1.3 Ice Magic
 + Level 1.3 Air Magic
 + Level 1.3 Earth Magic
 + Level 1.3 Alchemy
 + Level 1.9 Invocations
 + Level 1.6 Evocations
 + Level 1.5 Shapeshifting


You had 11 spell levels left.
You knew the following spells:

 Your Spells              Type           Power      Damage    Failure   Level
a - Magic Dart            Conj           100%       1d8       1%          1
b - Searing Ray           Conj           64%        2d6       1%          2

Your spell library contained the following spells:

 Spells                   Type           Power      Damage    Failure   Level
 Shock                    Conj/Air       84%        1d8       1%          1
 Momentum Strike          Conj/Tloc      42%        3d9       3%          2
 Static Discharge         Conj/Air       42%        3-5/arc   3%          2
 Apportation              Tloc           20%        N/A       7%          1
 Blink                    Tloc           20%        N/A       11%         2
 Ensorcelled Hibernation  Hex/Ice        20%        N/A       11%         2
 Jinxbite                 Hex            20%        N/A       11%         2
 Lesser Beckoning         Tloc           20%        N/A       11%         2
 Fulminant Prism          Conj/Alch      10%        3d8       21%         4
 Iskenderun's Mystic Bla  Conj/Tloc      21%        2d6       21%         4
 Passwall                 Erth           10%        N/A       22%         3
 Swiftness                Air            10%        N/A       22%         3
 Airstrike                Air            5%         2d(1-17)  56%         4
 Summon Lightning Spire   Summ/Air       10%        N/A       56%         4
 Alistair's Intoxication  Alch           6%         N/A       89%         5


Dungeon Overview and Level Annotations

Branches:
Dungeon (4/15)
 Temple: D:4-7

Altars:

Shops:
D:1 [


Innate Abilities, Weirdness & Mutations

You have very sharp teeth.
Your uncanny sense of smell can sniff out nearby items.
Your experience applies equally to all skills.


Message History

You hit the black bear.
The black bear is poisoned.
You bite the black bear, but do no damage.
The black bear is lightly wounded.
The black bear misses you. The black bear claws you. x2
You hit the black bear but do no damage.
The black bear looks as sick as possible!
You bite the black bear, but do no damage.
The black bear is lightly wounded.
You barely miss the black bear.
The black bear is lightly wounded.
The black bear bites you! The black bear claws you. x2
You hit the black bear.
The black bear looks as sick as possible!
You bite the black bear.
The black bear is lightly wounded.
The black bear barely misses you. The black bear claws you. x2
You barely miss the black bear.
The black bear is moderately wounded.
The black bear barely misses you. The black bear claws you.
The black bear barely misses you.
You hit the black bear but do no damage.
The black bear looks as sick as possible!
The black bear is heavily wounded.
The black bear bites you. The black bear claws you. x2
You hit the black bear.
The black bear is severely wounded.
The black bear goes berserk!
Unknown command.
The black bear attacks as it pursues you!
The black bear bites you.
* * * LOW HITPOINT WARNING * * *
The black bear claws you.
* * * LOW HITPOINT WARNING * * *
The black bear claws you.
* * * LOW HITPOINT WARNING * * *
You hit the black bear but do no damage.
The black bear looks as sick as possible!
The black bear is severely wounded.
The black bear bites you!
You die...

.# .# #..# #.
#.##.#.# #.. ##
#.#....# #.
#.#.#..# # #.#...#
#.##.## #.##.#
#.##h#
#######.##@####.##
#.................∆
#.#############.##
#.#### #....#
####.# ∆ #.# #.#
#.#


You could see a black bear (berserk, extremely poisoned).

Vanquished Creatures
  A sleepcap (D:4)
  Terence (D:2)
  4 gnolls (D:3)
  2 adders (D:2)
  A shadow imp (D:3)
  4 dart slugs (D:3)
  3 ribbon worms
  An orc (D:3)
  4 bats
  5 endoplasms
  2 giant cockroaches
  6 goblins
  4 hobgoblins (D:1)
  2 quokkas
  4 ball pythons
  2 frilled lizards
  8 kobolds
  7 rats
61 creatures vanquished.

Notes
Turn   | Place    | Note
-------+----------+-------------------------------------------
     0 | D:1      | graki42 the Gnoll Conjurer began the quest for the Orb.
     0 | D:1      | Reached XP level 1. HP: 13/13 MP: 6/6
   114 | D:1      | Found Oskedubu's Antique Armour Boutique.
   238 | D:1      | Reached XP level 2. HP: 19/19 MP: 5/7
   263 | D:1      | Learned a level 2 spell: Searing Ray
  1407 | D:2      | Reached skill level 5 in Spellcasting
  1407 | D:2      | Reached XP level 3. HP: 24/25 MP: 7/9
  1471 | D:2      | Reached skill level 1 in Invocations
  1545 | D:2      | Noticed Terence
  1555 | D:2      | Killed Terence
  1556 | D:2      | Reached skill level 1 in Fighting
  1556 | D:2      | Reached skill level 1 in Short Blades
  1556 | D:2      | Reached skill level 1 in Long Blades
  1556 | D:2      | Reached skill level 1 in Axes
  1556 | D:2      | Reached skill level 1 in Maces & Flails
  1556 | D:2      | Reached skill level 1 in Polearms
  1556 | D:2      | Reached skill level 1 in Staves
  1556 | D:2      | Reached skill level 1 in Ranged Weapons
  1556 | D:2      | Reached skill level 1 in Throwing
  1556 | D:2      | Reached skill level 1 in Armour
  1556 | D:2      | Reached skill level 1 in Shields
  1556 | D:2      | Reached skill level 1 in Unarmed Combat
  1556 | D:2      | Reached skill level 1 in Evocations
  1556 | D:2      | Reached skill level 1 in Shapeshifting
  1556 | D:2      | Reached XP level 4. HP: 10/32 MP: 11/11
  2221 | D:3      | Reached skill level 1 in Hexes
  2221 | D:3      | Reached skill level 1 in Summonings
  2221 | D:3      | Reached skill level 1 in Necromancy
  2221 | D:3      | Reached skill level 1 in Translocations
  2221 | D:3      | Reached skill level 1 in Fire Magic
  2221 | D:3      | Reached skill level 1 in Ice Magic
  2221 | D:3      | Reached skill level 1 in Air Magic
  2221 | D:3      | Reached skill level 1 in Earth Magic
  2221 | D:3      | Reached skill level 1 in Alchemy
  2347 | D:3      | Found a faded altar of an unknown god.
  2591 | D:3      | Reached XP level 5. HP: 35/37 MP: 4/12
  3280 | D:4      | Noticed a black bear
  3293 | D:4      | Slain by a black bear

Illustrated notes

Levels and vault maps discovered:
D:1:      shiori_arrival_oz, layout_basic, serial_shops, shop
D:2:      layout_loops_ring, nicolae_figureground_pulse, uniq_terence
D:3:      layout_basic, ebering_ecumenical_altar_abandoned
D:4:      layout_loops_ring, fedhas_altar_4, nicolae_ru_awakened_eye

Skill      XL: |  1  2  3  4 |
---------------+-------------+-----
Spellcasting   | 5 |  5.2
Invocations    | 1 |  1.9
Fighting       | 1 |  1.6
Short Blades   | 1 |  1.6
Long Blades    | 1 |  1.6
Axes           | 1 |  1.6
Maces & Flails | 1 |  1.6
Polearms       | 1 |  1.6
Staves         | 1 |  1.6
Ranged Weapons | 1 |  1.6
Throwing       | 1 |  1.6
Armour         | 1 |  1.6
Shields        | 1 |  1.6
Unarmed Combat | 1 |  1.6
Evocations     | 1 |  1.6
Shapeshifting  | 1 |  1.5
Hexes          | 1 |  1.3
Summonings     | 1 |  1.3
Necromancy     | 1 |  1.3
Translocations | 1 |  1.3
Fire Magic     | 1 |  1.3
Ice Magic      | 1 |  1.3
Air Magic      | 1 |  1.3
Earth Magic    | 1 |  1.3
Alchemy        | 1 |  1.3
Dodging        | |  4.8
Stealth        | |  4.5
Conjurations   | |  7.2

Action                     |  1- 3 |  4- 6 || total
---------------------------+-------+-------++-------
  Melee: Short sword       |    24 |    27 ||    51
         Dagger            |     1 |    75 ||    76
         Bite              |     1 |    13 ||    14
         Punch             |       |     1 ||     1
   Cast: Magic Dart        |    20 |       ||    20
         Searing Ray       |       |     5 ||     5
   Stab: Sleeping          |     6 |     4 ||    10
 Armour: Robe              |     8 |    55 ||    63
  Dodge: Dodged            |    14 |    48 ||    62

Table legend: (Time is in decaauts)
 A = Elapsed time spent in this place.
 B = Non-inter-level travel time spent in this place.
 C = Inter-level travel time spent in this place.
 D = Time resting spent in this place.
 E = Time spent auto-exploring this place.
 F = Levels seen in this place.
 G = Mean time per level.
                   A        B        C        D        E       F      G
               +--------+--------+--------+--------+--------+-----+--------+
         Total |   3281 |   3148 |    133 |    167 |   2576 |   4 |  820.2 |
       Dungeon |   3281 |   3148 |    133 |    167 |   2576 |   4 |  820.2 |
               +--------+--------+--------+--------+--------+-----+--------+

Top non-repeatable levels by time:
     D:1: 1247 daAuts
     D:2: 879 daAuts
     D:3: 792 daAuts
     D:4: 363 daAuts
